 Dungeon Crawl Stone Soup version 0.31.0-11-ge490571c62 (webtiles) character file.

Game seed: 1641813642231099683

85 Arctor the Firebug (level 4, -3/24 HPs)
             Began as a Deep Elf Fire Elementalist on Feb 3, 2024.
             Killed from afar by an orc wizard (7 damage)
             ... with a magic dart
             ... on level 3 of the Dungeon.
             The game lasted 00:02:04 (2423 turns).

Arctor the Firebug (Deep Elf Fire Elementalist)     Turns: 2423, Time: 00:02:05

Health: -3/24      AC:  2    Str:  5    XL:     4   Next: 25%
Magic:  0/11       EV: 14    Int: 22    God:
Gold:   70         SH:  0    Dex: 21    Spells: 1/10 levels left

rFire   . . .        g - +2 dagger (speed)
rCold   . . .        (no shield)
rNeg    . . .        a - +0 robe
rPois   .            (no helmet)
rElec   .            (no cloak)
rCorr   .            (no gloves)
SInv    .            (no boots)
Will    .....        (no amulet)
Stlth   +++          d - +6 ring of dexterity
HPRegen 0.24/turn    (no ring)
MPRegen 0.12/turn

%: no passive effects
@: no status effects
A: no striking features
a: no special abilities


You were on level 3 of the Dungeon.
You visited 1 branch of the dungeon, and saw 3 of its levels.

You collected 70 gold pieces.

Inventory:

Hand Weapons
 g - a +2 dagger of speed (weapon)
Armour
 a - a +0 robe (worn)
Jewellery
 d - a +6 ring of dexterity (left hand)
Scrolls
 c - 2 scrolls of teleportation {unknown}
 e - 2 scrolls of identify {unknown}
 f - a scroll of revelation {unknown}
 h - a scroll of enchant armour {unknown}
Potions
 b - a potion of magic
 i - a potion of enlightenment {unknown}
 j - a potion of cancellation {unknown}


   Skills:
 + Level 3.2 Dodging
 + Level 3.4 Stealth
 + Level 3.8 Spellcasting
 + Level 2.1 Conjurations
 + Level 3.9 Fire Magic


You had one spell level left.
You knew the following spells:

 Your Spells              Type           Power      Damage    Failure   Level
a - Foxfire               Conj/Fire      68%        2x1d7     3%          1
b - Scorch                Fire           42%        2d6       3%          2
c - Inner Flame           Hex/Fire       12%        N/A       16%         3
d - Volatile Blastmotes   Fire/Tloc      24%        2d12      16%         3

Your spell library contained the following spells:

 Spells                   Type           Power      Damage    Failure   Level
 Flame Wave               Conj/Fire      17%        2d7       32%         4


Dungeon Overview and Level Annotations

Branches:
Dungeon (3/15)

Altars:

Shops:
D:2 ?=


Message History

You hit the orc wizard.
The orc wizard is lightly wounded.
The orc wizard hits you with a +1 dagger of protection.
You hit the orc wizard but do no damage.
The orc wizard is lightly wounded.
The orc wizard closely misses you.
You hit the orc wizard but do no damage.
The orc wizard is lightly wounded.
Casting: Foxfire (safe; 3% risk of failure)
Confirm with . or Enter, or press ? or * to list all spells.
You conjure some foxfire!
The orc wizard hits you with a +1 dagger of protection.
* * * LOW HITPOINT WARNING * * *
You miss the orc wizard.
The orc wizard is lightly wounded.
The foxfire hits the orc wizard but does no damage.
The orc wizard is lightly wounded.
The orc wizard misses you.
Casting: Foxfire (safe; 3% risk of failure)
Confirm with . or Enter, or press ? or * to list all spells.
You conjure some foxfire!
The foxfire hits the orc wizard but does no damage.
The orc wizard is lightly wounded.
The orc wizard hits you with a +1 dagger of protection.
* * * LOW HITPOINT WARNING * * *
Casting: Foxfire (safe; 3% risk of failure)
Confirm with . or Enter, or press ? or * to list all spells.
You conjure some foxfire!
The orc wizard barely misses you.
Unknown command.
You closely miss the orc wizard.
The orc wizard is lightly wounded.
The foxfire hits the orc wizard but does no damage.
The orc wizard is lightly wounded.
The foxfire hits the orc wizard.
The orc wizard is moderately wounded.
The foxfire hits the orc wizard.
The orc wizard is heavily wounded.
The orc wizard gestures at you while chanting.
The magic dart hits you!
You die...

##'### #....# #....#
##....#### #........#
+........# #........#
#§v§....##
##########§@..##.#
........####o###.#
........# #....#.##
##......###.........
....................
..........#####.##.###..#
##.......w# #..# .....###
#........# #..# #.....#
#........####..#####..†..#


You could see an orc wizard (ally target).

Vanquished Creatures
  Jessica (D:2)
  An adder (D:2)
  A ribbon worm (D:2)
  A dart slug (D:1)
  4 orcs (D:3)
  3 ball pythons
  3 endoplasms
  2 giant cockroaches (D:1)
  4 goblins
  6 hobgoblins
  3 kobolds
  2 quokkas
  2 bats
  3 frilled lizards
  2 rats
38 creatures vanquished.

Vanquished Creatures (others)
  219 foxfires
219 creatures vanquished.

Grand Total: 257 creatures vanquished

Notes
Turn   | Place    | Note
-------+----------+-------------------------------------------
     0 | D:1      | Arctor the Deep Elf Fire Elementalist began the quest for
                  | the Orb.
     0 | D:1      | Reached XP level 1. HP: 10/10 MP: 6/6
   321 | D:1      | Reached XP level 2. HP: 15/15 MP: 0/8
   447 | D:1      | Learned a level 2 spell: Scorch
  1270 | D:2      | Noticed Jessica
  1273 | D:2      | Killed Jessica
  1274 | D:2      | Reached XP level 3. HP: 19/19 MP: 6/10
  1278 | D:2      | Learned a level 3 spell: Inner Flame
  1282 | D:2      | Learned a level 3 spell: Volatile Blastmotes
  1310 | D:2      | Found Plog's Magic Scroll Emporium.
  2059 | D:2      | Reached XP level 4. HP: 24/24 MP: 8/11
  2123 | D:2      | Found Pamof's Jewellery Emporium.
  2423 | D:3      | Killed from afar by an orc wizard

Illustrated notes

Levels and vault maps discovered:
D:1:      minmay_arrival_up_and_down, layout_loops_ring
D:2:      layout_loops_ring, serial_shops, nicolae_shop_hallway_plus, shop,
          uniq_jessica
D:3:      layout_basic, serial_shops, nicolae_shop_advertising_works
          [nicolae_subvault_shop_adworks]

Skill      XL: |  1  2  3 |
---------------+----------+-----
Dodging        | 3 |  3.2
Stealth        | 3 |  3.4
Conjurations   | 2 |  2.1
Spellcasting   | |  3.8
Fire Magic     | |  3.9

Action                     |  1- 3 |  4- 6 || total
---------------------------+-------+-------++-------
  Melee: Unarmed           |    29 |       ||    29
         Dagger            |       |    10 ||    10
   Cast: Foxfire           |   115 |    30 ||   145
         Scorch            |     2 |       ||     2
 Armour: Robe              |    12 |    15 ||    27
  Dodge: Dodged            |    30 |    12 ||    42
